 Dungeon Crawl Stone Soup version 0.30.0-20-g3615ddf2f0 (webtiles) character file.

Game seed: 7347058457923592345

210 qw the Chopper (level 5, -12/33 HPs)
             Began as a Gargoyle Fighter on May 29, 2023.
             Mangled by an ogre
             ... wielding a +0 giant club
              (18 damage)
             ... on level 4 of the Dungeon.
             The game lasted 00:01:21 (2564 turns).

qw the Chopper (Gargoyle Fighter)                   Turns: 2564, Time: 00:01:21

Health: -12/33     AC: 17    Str: 21    XL:     5   Next: 87%
Magic:  5/5        EV:  7    Int:  9    God:
Gold:   164        SH:  4    Dex:  9    Spells: 4/4 levels left

rFire   . . .        Y - +0 war axe
rCold   . . .        c - +0 buckler
rNeg    + . .        e - +0 chain mail
rPois   inf          l - +0 helmet
rElec   +            n - +0 cloak
rCorr   .            p - +0 pair of gloves
SInv    .            m - +0 pair of boots
Will    .....        (no amulet) Stlth
                     (no ring)
HPRegen 0.25/turn    (no ring)
MPRegen 0.09/turn

%: no passive effects
@: about to teleport
A: sickness immunity, AC +4, negative energy resistance 1, electricity
resistance, torment resistance 1, petrification resistance
a: no special abilities


You were on level 4 of the Dungeon.
You visited 1 branch of the dungeon, and saw 4 of its levels.

You collected 164 gold pieces.


Innate Abilities, Weirdness & Mutations

You are immune to sickness and miasma.
Your stone body is resilient. (AC +4)
You are immune to poison.
You resist negative energy. (rN+)
You are resistant to electric shocks. (rElec)
You are resistant to unholy torment.
You are immune to petrification.


   Skills:
 + Level 3.7 Fighting
 - Level 5.1 Axes
 - Level 3.2 Armour
 - Level 3.2 Shields


You had 4 spell levels left.
You didn't know any spells.
Your spell library was empty.

Inventory:

Hand Weapons
 a - a +0 mace
 Y - a +0 war axe (weapon)
Armour
 c - a +0 buckler (worn)
 e - a +0 chain mail (worn)
 l - a +0 helmet (worn)
 m - a +0 pair of boots (worn)
 n - a +0 cloak (worn)
 p - a +0 pair of gloves (worn)
Scrolls
 f - 3 scrolls of teleportation
 o - a scroll of identify
Potions
 d - a potion of might
 g - a potion of ambrosia {unknown}
 h - 2 potions of brilliance {unknown}
 i - 2 potions of curing
 j - a potion of flight {unknown}
 k - a potion of heal wounds {unknown}

Dungeon Overview and Level Annotations

Branches:
Dungeon (4/15)
 Temple: D:4-7

Altars:


Message History

There is an open door, spattered with blood here.
You see here a hound corpse.
h - 2 viscous grey potions (gained 1)
f - 4 scrolls of teleportation (gained 1)
You open the door.
There is an open door here.
You open the door.
There is an open door here.
You open the door.
There is an open door here.
An ogre comes into view. It is wielding a +0 giant club.
The ogre shouts!
Enter note: You slash the ogre!
The ogre is moderately wounded.
The ogre barely misses you.
You hit the ogre.
The ogre is heavily wounded.
The ogre hits you with a +0 giant club.
You closely miss the ogre.
The ogre is heavily wounded.
You block the ogre's attack.
You barely miss the ogre.
The ogre is heavily wounded.
You barely miss the ogre.
The ogre is heavily wounded.
The ogre hits you but does no damage.
You barely miss the ogre.
The ogre is heavily wounded.
The ogre barely misses you.
You hit the ogre.
The ogre is heavily wounded.
The ogre hits you with a +0 giant club!!
Ouch! That really hurt!
2564 ||| READING 4 scrolls of teleportation.
As you read the scroll of teleportation, it crumbles to dust.
You feel strangely unstable.
The ogre hits you with a +0 giant club!!
Ouch! That really hurt!
You die...

..#.... ..#...#
#..# .##...## #...
.##....# +..#
..#....# #..#
..'...#########.?##
.##...##.....##...#
.##....>......#.O.#
..#..........##.@#
..#..........##'###
###...............#
.##...####'####...#
..#...##.....##...#
..#......<....'...#
..#...........#...#
..#...##.....##..##
..#...####'#######


You could see an ogre.

Vanquished Creatures
  2 hounds (D:4)
  An orc wizard (D:3)
  A gnoll (D:1)
  4 adders
  A white imp (D:3)
  3 dart slugs
  5 orcs (D:3)
  5 endoplasms
  A giant cockroach (D:3)
  8 goblins
  5 hobgoblins
  5 jackals (D:1)
  3 kobolds
  4 quokkas
  7 ball pythons
  3 bats
  A frilled lizard (D:3)
  5 rats
64 creatures vanquished.

Notes
Turn   | Place    | Note
-------+----------+-------------------------------------------
     0 | D:1      | qw the Gargoyle Fighter began the quest for the Orb.
     0 | D:1      | Reached XP level 1. HP: 14/14 MP: 1/1
     0 | D:1      | 0 ||| qw: Version: 0.2-a-102-g2b76a06
     0 | D:1      | 0 ||| qw: Game counter: 412
     0 | D:1      | 0 ||| qw: Always use a shield: true
     0 | D:1      | 0 ||| qw: God list: Okawaru
     0 | D:1      | 0 ||| qw: Allow faded altars: false
     0 | D:1      | 0 ||| qw: Do Orc after D:15 true
     0 | D:1      | 0 ||| qw: Do second Lair branch before Depths: true
     0 | D:1      | 0 ||| qw: Lair rune preference: random
     0 | D:1      | 0 ||| qw: Plans: Normal, Zot:1-4, Slime:5, God:TSO, Crypt,
                  | Tomb, Pan, Hells, Abyss, Win
     0 | D:1      | 0 ||| PLANNING D:1-11
    74 | D:1      | Reached skill level 2 in Axes
   146 | D:1      | 146 ||| Stepping ~*~*~tactically~*~*~ (stealth).
   160 | D:1      | Reached XP level 2. HP: 9/19 MP: 2/2
   340 | D:1      | 340 ||| Stepping ~*~*~tactically~*~*~ (stealth).
   374 | D:1      | 374 ||| Stepping ~*~*~tactically~*~*~ (stealth).
   375 | D:1      | 375 ||| Stepping ~*~*~tactically~*~*~ (stealth).
   412 | D:1      | 412 ||| Stepping ~*~*~tactically~*~*~ (hiding).
   484 | D:1      | Reached skill level 3 in Axes
   561 | D:1      | Reached XP level 3. HP: 18/23 MP: 3/3
   821 | D:1      | 821 ||| UPGRADING to +0 helmet.
   826 | D:1      | 826 ||| UPGRADING to +0 pair of boots.
   831 | D:1      | 831 ||| READING scroll labelled WIL GIDEVVUTS.
   832 | D:1      | 832 ||| READING 2 scrolls labelled CYIPPA WUNALAPTOA.
   836 | D:1      | 836 ||| READING scroll labelled LIJOMIE NAET.
   837 | D:1      | 837 ||| READING 2 scrolls labelled ROMEYV PUMYS.
   838 | D:1      | 838 ||| READING scroll labelled ULUAPR XOPIGAV.
   839 | D:1      | 839 ||| READING 2 scrolls labelled QUFAUST ZIFYCACE.
   840 | D:1      | 840 ||| DRINKING 2 red potions.
   841 | D:1      | 841 ||| DROPPING scroll of blinking.
   884 | D:2      | 884 ||| STAIRDANCE
   924 | D:2      | Reached XP level 4. HP: 28/28 MP: 4/4
  1236 | D:2      | Reached skill level 4 in Axes
  1337 | D:2      | 1337 ||| Stepping ~*~*~tactically~*~*~ (hiding).
  1489 | D:2      | 1489 ||| READING scroll labelled WOAROCEREH.
  1490 | D:2      | 1490 ||| READING 2 scrolls labelled QEFUL SEIQUN.
  1510 | D:2      | 1510 ||| DROPPING scroll of torment.
  1550 | D:3      | 1550 ||| Stepping ~*~*~tactically~*~*~ (hiding).
  1552 | D:3      | 1552 ||| Stepping ~*~*~tactically~*~*~ (hiding).
  1607 | D:3      | 1607 ||| Stepping ~*~*~tactically~*~*~ (stealth).
  1615 | D:3      | 1615 ||| Stepping ~*~*~tactically~*~*~ (hiding).
  1616 | D:3      | 1616 ||| Stepping ~*~*~tactically~*~*~ (hiding).
  1626 | D:3      | 1626 ||| Stepping ~*~*~tactically~*~*~ (stealth).
  1650 | D:3      | 1650 ||| FLEEEEING.
  1651 | D:3      | 1651 ||| FLEEEEING.
  1652 | D:3      | 1652 ||| FLEEEEING.
  1653 | D:3      | 1653 ||| FLEEEEING.
  1654 | D:3      | 1654 ||| FLEEEEING.
  1655 | D:3      | 1655 ||| FLEEEEING.
  1656 | D:3      | 1656 ||| FLEEEEING.
  1657 | D:3      | 1657 ||| FLEEEEING.
  1658 | D:3      | 1658 ||| DRINKING 2 potions of curing.
  1658 | D:3      | 1658 ||| (to cure confusion)
  1666 | D:3      | Reached XP level 5. HP: 15/32 MP: 5/5
  2027 | D:3      | 2027 ||| Stepping ~*~*~tactically~*~*~ (stealth).
  2028 | D:3      | 2028 ||| Stepping ~*~*~tactically~*~*~ (stealth).
  2044 | D:3      | 2044 ||| Stepping ~*~*~tactically~*~*~ (stealth).
  2047 | D:3      | 2047 ||| Stepping ~*~*~tactically~*~*~ (hiding).
  2050 | D:3      | 2050 ||| Stepping ~*~*~tactically~*~*~ (hiding).
  2052 | D:3      | 2052 ||| Stepping ~*~*~tactically~*~*~ (hiding).
  2053 | D:3      | 2053 ||| Stepping ~*~*~tactically~*~*~ (hiding).
  2380 | D:3      | 2380 ||| UPGRADING to +0 chain mail.
  2390 | D:3      | 2390 ||| DROPPING +0 scale mail.
  2391 | D:3      | 2391 ||| UPGRADING to +0 cloak.
  2396 | D:3      | 2396 ||| UPGRADING to +0 pair of gloves.
  2513 | D:4      | Reached skill level 5 in Axes
  2551 | D:4      | Noticed an ogre
  2563 | D:4      | HP: 5/33 [ogre/+0 giant club (23)]
  2564 | D:4      | 2564 ||| READING 4 scrolls of teleportation.
  2564 | D:4      | Mangled by an ogre

Levels and vault maps discovered:
D:1:      dpeg_arrival_stone_temple_mockup, layout_loops_ring
D:2:      layout_rooms
D:3:      layout_loops_cross, minmay_randomly_rotated_circles
D:4:      layout_gridville

Skill      XL: |  1  2  3  4  5 |
---------------+----------------+-----
Axes           | 2 3 4 5 |  5.1
Fighting       | |  3.7
Armour         | |  3.2
Shields        | |  3.2

Action                     |  1- 3 |  4- 6 || total
---------------------------+-------+-------++-------
  Melee: War axe           |    91 |   121 ||   212
    Use: Scroll            |     6 |     3 ||     9
         Potion            |     1 |     1 ||     2
 Armour: Scale mail        |    53 |    45 ||    98
         Chain mail        |       |    12 ||    12
  Dodge: Dodged            |    45 |    48 ||    93
  Block: Buckler           |     8 |    23 ||    31

Table legend:
 A = Non-vault XP
 B = Vault XP
 C = Vault XP percentage of total XP
 D = Non-vault monster count
 E = Vault monster count
 F = Vault count percentage of total count
                 A         B        C        D         E       F
            +---------+---------+-------+---------+---------+-------
      Total |     292 |       8 |   2.7 |      58 |       6 |   9.4
            +---------+---------+-------+---------+---------+-------
        D:1 |      55 |       0 |   0.0 |      24 |       0 |   0.0
        D:2 |      58 |       0 |   0.0 |      12 |       0 |   0.0
        D:3 |      93 |       8 |   7.9 |      19 |       6 |  24.0
        D:4 |      86 |       0 |   0.0 |       3 |       0 |   0.0
            +---------+---------+-------+---------+---------+-------
